 Dungeon Crawl Stone Soup version 0.29.0-5-ge4962eb29e (webtiles) character file.

Game seed: 11958395430658195012

3 Anothat the Digger (level 1, 0/13 HPs)
             Began as a Gnoll Wanderer on Aug 28, 2022.
             Slain by a kobold
             ... wielding a +0 club
              (1 damage)
             ... on level 1 of the Dungeon.
             The game lasted 00:00:19 (50 turns).

Anothat the Digger (Gnoll Wanderer)                   Turns: 50, Time: 00:00:20

Health: 0/13       AC:  2    Str:  9    XL:     1   Next: 50%
Magic:  4/4        EV: 11    Int: 16    God:
Gold:   0          SH:  0    Dex:  8    Spells: 5/5 levels left

rFire   . . .      SeeInvis .   a - +0 dagger
rCold   . . .      Faith    .   (no shield)
rNeg    . . .      Spirit   .   d - +0 robe
rPois   .          Reflect  .   (no helmet)
rElec   .          Harm     .   (no cloak)
rCorr   .          Rampage  .   (no gloves)
Will    .....                   (no boots)
Stlth   +.........              (no amulet)
HPRegen 0.04/turn               (no ring)
MPRegen 0.09/turn               (no ring)

@: no status effects
A: fangs 1, strong nose, distributed training
a: no special abilities


You were on level 1 of the Dungeon.
You visited 1 branch of the dungeon, and saw 1 of its levels.

Inventory:

Hand Weapons
 a - a +0 dagger (weapon)
Missiles
 b - 9 poisoned darts (quivered)
Armour
 d - a +0 robe (worn)
Scrolls
 c - a scroll of fear


   Skills:
 + Level 0.0 Fighting
 + Level 0.0 Short Blades
 + Level 0.0 Long Blades
 + Level 0.0 Axes
 + Level 0.0 Maces & Flails
 + Level 0.0 Polearms
 + Level 0.0 Staves
 + Level 0.0 Ranged Weapons
 + Level 6.4 Throwing
 + Level 0.0 Armour
 + Level 0.0 Dodging
 + Level 0.0 Stealth
 + Level 0.0 Shields
 + Level 0.0 Unarmed Combat
 + Level 2.6 Spellcasting
 + Level 0.0 Conjurations
 + Level 0.0 Hexes
 + Level 0.0 Summonings
 + Level 3.6 Necromancy
 + Level 0.0 Translocations
 + Level 0.0 Transmutations
 + Level 0.0 Fire Magic
 + Level 0.0 Ice Magic
 + Level 0.0 Air Magic
 + Level 7.0 Earth Magic
 + Level 0.0 Poison Magic
 + Level 0.1 Invocations
 + Level 0.0 Evocations


You had 5 spell levels left.
You didn't know any spells.
Your spell library contained the following spells:

 Spells                   Type           Power      Damage    Failure   Level
 Sandblast                Erth           48%        2d12      1%          1
 Necrotise                Necr           52%        1d6       4%          1
 Passwall                 Tmut/Erth      10%        N/A       7%          2
 Vampiric Draining        Necr           13%        2d6       13%         3
 Stone Arrow              Conj/Erth      26%        3d8       14%         3


Dungeon Overview and Level Annotations

Branches:
Dungeon (1/15)

Altars:


Innate Abilities, Weirdness & Mutations

You have very sharp teeth.
Your uncanny sense of smell can sniff out nearby items.
Your experience applies equally to all skills.


Message History

The giant cockroach barely misses you. The bat misses you.
Things that are here:
a +0 short sword; 2 blue potions You hit the rat but do no damage.
The rat closely misses you.
You closely miss the rat. You bite the rat, but do no damage.
The rat bites you but does no damage.
You hit the rat but do no damage. The rat bites you.
You hit the rat.
You kill the rat!
The bat hits you but does no damage.
You barely miss the bat. The bat barely misses you.
You hit the bat.
You kill the bat!
The bat hits you.
You barely miss the goblin. The goblin hits you but does no damage.
You hit the goblin but do no damage. The goblin barely misses you.
You hit the goblin.
The goblin is moderately wounded.
The goblin misses you.
You hit the goblin.
The goblin is heavily wounded.
The goblin hits you with a +0 dagger.
You barely miss the goblin.
The goblin is heavily wounded.
The goblin hits you with a +0 dagger.
* * * LOW HITPOINT WARNING * * *
You hit the goblin.
The goblin is severely wounded.
The goblin hits you with a +0 dagger.
* * * LOW HITPOINT WARNING * * *
You barely miss the goblin.
The goblin is severely wounded.
The goblin closely misses you.
You hit the goblin.
You kill the goblin!
The bat hits you but does no damage.
You closely miss the kobold. The kobold hits you with a +0 club.
* * * LOW HITPOINT WARNING * * *
You hit the kobold but do no damage. The kobold hits you with a +0 club.
You die...

..........
.......... ..
......... ...
......... ..#
#........ # #.#
#........ #. #.#
#r....... #.#
#.###Kb......
#.##.##@#.......
#.....##.......
##...## .......
##.....# #######
##.##.##.#
#.###.# #.#
#..##.# ..#
##..#.# .#
##...# .


You could see a bat, a kobold and a rat.

Vanquished Creatures
  A goblin (D:1)
  A bat (D:1)
  A kobold (D:1)
  A rat (D:1)
4 creatures vanquished.

Notes
Turn   | Place    | Note
-------+----------+-------------------------------------------
     0 | D:1      | Anothat the Gnoll Wanderer began the quest for the Orb.
     0 | D:1      | Anothat set off with the following items: a +0 dagger, 9
                  | poisoned darts, a scroll of fear, a +0 robe; and the
                  | following spells available to memorise: Sandblast,
                  | Necrotise, Passwall, Vampiric Draining, Stone Arrow.
     0 | D:1      | Reached XP level 1. HP: 13/13 MP: 4/4
    50 | D:1      | Slain by a kobold

Illustrated notes

Levels and vault maps discovered:
D:1:      minmay_arrival_stair_chambers, layout_basic, minivault_11,
          hex_intersection, minmay_distorted

Action                   || total
-------------------------++-------
Melee: Dagger            ||    23
       Bite              ||     2
Armor: Robe              ||    11
Dodge: Dodged            ||    20
